AoeStats
← [RZ] HardZeeiRa-BR

Golden Pit

508524613Analyzed
1v1 RM · 10d ago on Sep 22, 2026· 35m 29s· 2 players
Game mode
Random Map
Map size
Tiny (2 player)
Population
200
Speed
Normal
Resources
Standard
Victory
Conquest
Starting age
Dark Age
Ending age
Imperial Age
RankedLock teamsTeams togetherTeam positionsShared explorationLock speedFull tech treeHidden civsTurbo modeCheats
Victory
Defeat
🇧🇷 Franks · Brazil
1188
+15
🇺🇾 Random · Uruguay
1169
-15
AxD | Empomeitor
7:33 Loom
9:39 Feudal Age
14:41 Castle Age
15:20 Stone Mining
16:05 Double-Bit Axe
17:27 Horse Collar
18:07 Gold Mining
18:51 Squires
21:43 Scale Mail Armor
21:53 Forging
34:51 Fletching
[RZ] HardZeeiRa-BR
6:26 Loom
9:05 Feudal Age
9:52 Double-Bit Axe
16:41 Wheelbarrow
20:01 Castle Age
18:45 Forging
18:33 Gold Mining
19:23 Scale Barding Armor
21:41 Iron Casting
21:45 Husbandry
31:26 Fletching
34:10 Gold Shaft Mining
Connection lost

Rejoining the realm…

Still unreachable

The connection could not be restored.

Session expired

The server has moved on; the page needs a fresh start.